AoeStats
← Katsu

Arena

510103365Analyzed
3v3 RM · 1d ago on Sep 29, 2026· 39m 56s· 6 players
Game mode
Random Map
Map size
Normal (6 player)
Population
200
Speed
Normal
Resources
Standard
Victory
Conquest
Starting age
Dark Age
Ending age
Imperial Age
RankedLock teamsTeams togetherTeam positionsShared explorationLock speedFull tech treeHidden civsTurbo modeCheats
Victory
Defeat
🇨🇳 Teutons · China
1268
+19
🇨🇳 Romans · China
1227
+20
🇨🇳 Portuguese · China
1221
+21
🇹🇼 Vietnamese · Taiwan
1362
-22
🇹🇼 Burmese · Taiwan
1339
-20
🇹🇼 Jurchens · Taiwan
1278
-18
ming.3idionts
9:25 Feudal Age
10:44 Loom
14:16 Castle Age
23:16 Fervor
23:16 Town Watch
23:57 Sanctity
24:53 Horse Collar
26:20 Redemption
30:51 Wheelbarrow
34:25 Imperial Age
32:10 Treadmill Crane
32:32 Gold Mining
35:07 Gold Shaft Mining
39:57 Scale Barding Armor
chun
8:07 Loom
10:22 Feudal Age
14:27 Castle Age
12:26 Double-Bit Axe
16:08 Wheelbarrow
16:47 Town Watch
18:09 Horse Collar
22:39 Heavy Plow
31:09 Imperial Age
28:56 Bow Saw
29:48 Gold Mining
31:16 Scale Mail Armor
31:26 Forging
33:04 Crop Rotation
33:37 Two-Man Saw
32:35 Capped Ram
33:14 Treadmill Crane
33:46 Masonry
Katsu
10:41 Feudal Age
14:38 Castle Age
13:14 Double-Bit Axe
13:42 Town Watch
17:52 Scale Barding Armor
18:56 Loom
21:14 Bow Saw
23:47 Bloodlines
25:03 Husbandry
25:34 Horse Collar
27:23 Wheelbarrow
28:53 Chain Barding Armor
29:37 Forging
33:38 Iron Casting
35:49 Imperial Age
37:43 Plate Barding Armor
38:52 Blast Furnace
38:46 Heavy Plow
不摇碧莲
6:08 Loom
8:18 Feudal Age
8:57 Double-Bit Axe
13:18 Fletching
17:35 Horse Collar
23:56 Castle Age
24:23 Wheelbarrow
33:54 Gold Mining
34:40 Bodkin Arrow
35:41 Bloodlines
35:39 Scale Barding Armor
38:41 Hand Cart
38:37 Bow Saw
38:57 Padded Archer Armor
39:09 Elite Skirmisher
42:40 Imperial Age
40:33 Leather Archer Armor
40:41 Redemption
卖节操了
10:59 Feudal Age
12:10 Double-Bit Axe
14:45 Castle Age
13:28 Horse Collar
16:13 Bow Saw
20:22 Wheelbarrow
20:57 Heavy Plow
22:07 Hand Cart
22:11 Stone Mining
22:49 Gold Mining
24:12 Gold Shaft Mining
24:40 Loom
24:41 Town Watch
27:07 Forging
26:50 Fletching
27:01 Padded Archer Armor
30:01 Imperial Age
27:57 Ballistas
27:49 Bodkin Arrow
28:29 Iron Casting
28:17 Ballistics
29:44 Leather Archer Armor
31:05 Guilds
30:19 Heavy Scorpion
31:24 Conscription
37:14 Crop Rotation
36:31 Loom
36:31 Town Watch
39:06 Chemistry
38:12 Siege Engineers
39:54 Coinage
lanlinxxs
10:31 Feudal Age
11:35 Double-Bit Axe
14:01 Castle Age
12:11 Horse Collar
19:46 Loom
19:47 Town Watch
21:28 Gold Mining
23:52 Stone Mining
25:21 Wheelbarrow
26:28 Fletching
28:19 Stone Shaft Mining
28:07 Bow Saw
31:51 Imperial Age
30:39 Bodkin Arrow
31:13 Hand Cart
31:21 Town Patrol
32:04 Heavy Plow
31:50 Treadmill Crane
32:31 Ballistics
33:02 Conscription
33:53 Chemistry
33:01 Siege Engineers
33:09 Elite Organ Gun
34:04 Bracer
34:19 Fortified Wall
34:20 Masonry
34:06 Murder Holes
35:43 Arquebus
37:29 Coinage
37:10 Guilds
38:21 Architecture
38:35 Banking
Connection lost

Rejoining the realm…

Still unreachable

The connection could not be restored.

Session expired

The server has moved on; the page needs a fresh start.